 Dungeon Crawl Stone Soup version 0.18-a0-1179-g120c792 (webtiles) character file.

18 Reinor the Scratcher (level 2, 0/12 HPs)
             Began as a Felid Transmuter on Jan 27, 2016.
             Slain by a goblin (3 damage)
             ... on level 1 of the Dungeon.
             The game lasted 00:01:42 (648 turns).

Reinor the Scratcher (Felid Transmuter)              Turns: 648, Time: 00:01:42

Health: 0/12       AC:  1    Str:  6    XL:     2   Next: 51%
Magic:  5/6        EV: 18    Int: 14    God:
Gold:   22         SH:  0    Dex: 16    Spells: 2 memorised, 2 levels left
                                        Lives:  0   Deaths: 0

rFire  . . .     SeeInvis +       - Unarmed
rCold  . . .     Gourm    .     (armour unavailable)
rNeg   . . .     Faith    .     (shield unavailable)
rPois  .         Spirit   .     (helmet unavailable)
rElec  .         Dismiss  .     (cloak unavailable)
rCorr  +         Reflect  .     (gloves unavailable)
SustAt .         Harm     .     (boots unavailable)
MR     .....                    (no amulet)
Stlth  ++........               (no ring)
                                d - ring of resist corrosion

@: appendage (expiring), very slightly contaminated, quick, not resistant to
hostile enchantments, unstealthy
A: no armour, no weapons or thrown items, claws 1, fangs 3, horns 2, see
invisible, carnivore 3, speed 1, shaggy fur 1, slow metabolism 1, sharp paws
a: End Transformation


You were on level 1 of the Dungeon.
You were completely stuffed.
You had grown temporary horns.
You visited 1 branch of the dungeon, and saw 1 of its levels.

You collected 22 gold pieces.

Inventory:

Missiles
 a - 31 arrows
Jewellery
 d - a ring of resist corrosion (left paw)
Scrolls
 e - a scroll of teleportation {unknown}
Potions
 f - 2 potions of brilliance
 g - a potion of mutation {unknown}
 i - a potion of curing
Books
 b - a book of Changes

   Spells                             Type                      Level
   a - Beastly Appendage              Transmutation                1
   b - Sticks to Snakes               Transmutation                2
   c - Spider Form                    Transmutation/Poison         3
   d - Ice Form                       Ice/Transmutation            4
   e - Blade Hands                    Transmutation                5
Comestibles
 c - a meat ration
 h - 7 chunks of flesh


   Skills:
 - Level 1.0 Fighting
 - Level 2.6 Dodging
 + Level 3.9 Unarmed Combat
 - Level 2.0 Spellcasting
 - Level 2.1 Transmutations


You had 2 spell levels left.
You knew the following spells:

 Your Spells              Type           Power        Failure   Level  Hunger
a - Beastly Appendage     Trmt           #.....       12%         1    ##.....
b - Sticks to Snakes      Trmt           #.......     17%         2    ###....


Dungeon Overview and Level Annotations

Branches:
Dungeon (1/15)

Altars:


Innate Abilities, Weirdness & Mutations

You cannot wear armour.
You are incapable of wielding weapons or throwing items.
You have sharp claws.
You have razor-sharp teeth.
You have supernaturally acute eyesight.
You are carnivorous and can eat meat at any time.
You cover ground quickly.
You are covered in fur (AC +1).
You have a slow metabolism.
Your sharp claws are effective at attacking unaware monsters.
You have a pair of horns on your head.


Message History

The hobgoblin misses you.
You scratch the hobgoblin. You headbutt the hobgoblin.
You kill the hobgoblin!
The goblin barely misses you.
You barely miss the goblin. Your headbutt misses the goblin.
You closely miss the goblin. The goblin completely misses you.
You scratch the goblin but do no damage.
The goblin closely misses you.
You closely miss the goblin. Your headbutt misses the goblin.
Your bite misses the goblin. The goblin hits you.
You miss the goblin. Your headbutt misses the goblin.
Your transformation is almost over.
The goblin hits you.
* * * LOW HITPOINT WARNING * * *
You are too injured to fight recklessly!
You are too injured to fight recklessly!
You closely miss the goblin. Your headbutt misses the goblin.
The goblin completely misses you.
You barely miss the goblin. The goblin hits you.
You die...

#..#............# #.#######....##
....#...######### #..............
.##..#..........###..............
.##...#..# #....###.#'##.#.++'++
.......# #....# #.#.##.#.+....
.##..#.# #....# #.#.##...+.<..
.....#.# # #...###.#.##...+....
####.# . 8..8#.........##...+....
# #)# ...>....)@.##....#.#.+++++
# #.# .......g..#.....#........
####.# #8..8#...##.#####.##.##..
.....# ###.. #.............#.###.
###### #.## .....########..>.....
###... #.##########..........###.
....# #.#........#.########.###.
#.######.#........#. #.......
#.#.........####### ...........


You could see a goblin.

Vanquished Creatures
  A giant gecko (D:1)
  A ball python (D:1)
  5 bats (D:1)
  2 giant cockroaches (D:1)
  3 goblins (D:1)
  A hobgoblin (D:1)
  4 rats (D:1)
17 creatures vanquished.

Notes
Turn   | Place    | Note
--------------------------------------------------------------
     0 | D:1      | Reinor the Felid Transmuter began the quest for the Orb.
     0 | D:1      | Reached XP level 1. HP: 9/9 MP: 4/4
   325 | D:1      | Reached XP level 2. HP: 12/12 MP: 6/6
   524 | D:1      | Learned a level 2 spell: Sticks to Snakes
   648 | D:1      | Slain by a goblin

Vault maps used:
D:1:      lightli_arrival_maybe_door_vault, serial_co_window_serial,
          co_window_corner_a, co_window_corner_a, co_window_paths_a,
          co_window_corner_a, co_window_corner_a, co_window_corner_a,
          co_window_corner_b, co_window_broadway_b, co_window_cross_4,
          co_window_paths_e, co_window_4corner_a, st_stairs_6,
          minmay_misc_feat_enclosed, roderic_st_hans_cross,
          minmay_misc_feat_square, minivault_26, minmay_misc_feat_encased

Action                   || total
-------------------------++-------
Melee: Unarmed           ||    54
 Cast: Beastly Appendage ||     2
  Use: Scroll            ||     2
 Stab: Sleeping          ||     2
  Eat: Chunk             ||     7
